 Dungeon Crawl Stone Soup version 0.30-b1-2-g02819fbbbe (webtiles) character file.

Game seed: 5046677627737699518

17 sanka the Trooper (level 2, -1/25 HPs)
             Began as a Djinni Berserker on May 9, 2023.
             Was a Follower of Trog.
             Frozen to death by an endoplasm (7 damage)
             ... on level 1 of the Dungeon.
             The game lasted 00:00:40 (596 turns).

sanka the Trooper (Djinni Berserker)                 Turns: 596, Time: 00:00:41

Health: -1/25      AC:  2    Str: 16    XL:     2   Next: 80%
Gold:   35         EV: 12    Int:  8    God:    Trog [*.....] SH:  0 Dex: 12

rFire   + + .        a - +0 hand axe
rCold   x . .        (no shield)
rNeg    . . .        b - +0 animal skin
rPois   ∞            (no helmet)
rElec   .            (no cloak)
rCorr   .            (no gloves)
SInv    .            (boots unavailable)
Will    .....        (no amulet)
Stlth   +            (no ring)
HPRegen 0.24/turn    (no ring)
MPRegen 0.00/turn

%: infuse magic (-2 HP)
@: flying
A: sickness immunity, fire resistance 2, cold vulnerability 1, float, innate
caster, HP casting, extra vitality 1
a: Renounce Religion, Berserk


You were on level 1 of the Dungeon.
You worshipped Trog.
Trog was aware of your devotion.
You visited 1 branch of the dungeon, and saw 1 of its levels.

You collected 35 gold pieces.

Inventory:

Hand Weapons
 a - a +0 hand axe (weapon)
Armour
 b - a +0 animal skin (worn)
Scrolls
 c - a scroll of summoning {unknown}
 d - a scroll of enchant weapon {unknown}
 e - a scroll of brand weapon {unknown}
 f - a scroll of amnesia {unknown}
 g - 2 scrolls of teleportation {unknown}
 h - a scroll of magic mapping {unknown}


   Skills:
 + Level 3.3 Fighting
 * Level 3.0 Axes
 - Level 2.0 Armour
 - Level 2.1 Dodging You didn't know any spells. Your spell library was empty.

Dungeon Overview and Level Annotations

Branches:
Dungeon (1/15)

Altars:


Innate Abilities, Weirdness & Mutations

You are immune to sickness and miasma.
You are immune to poison.
Your flesh is very heat resistant. (rF++)
You are vulnerable to cold. (rC-)
You float through the air rather than walking.
You learn spells naturally, not from books.
Your magical power is your life essence.
You have superior vitality. (+4 MHP)


Message History

The ball python constricts you.
You barely miss the ball python. The ball python barely misses you.
The ball python constricts you.
You hit the ball python.
You kill the ball python!
Trog accepts your kill.
Your Axes skill increases to level 3!
Found 16 gold pieces.
You see here a ball python corpse.
You hit the endoplasm.
The endoplasm is moderately wounded.
The endoplasm hits you.
You hit the endoplasm but do no damage.
The endoplasm is moderately wounded.
The endoplasm freezes you.
You are frozen.
You feel a terrible chill!
You hit the endoplasm but do no damage.
The endoplasm is moderately wounded.
The endoplasm barely misses you.
You barely miss the endoplasm.
The endoplasm is moderately wounded.
The endoplasm freezes you.
You are frozen.
You feel a terrible chill!
You hit the endoplasm but do no damage.
The endoplasm is moderately wounded.
The endoplasm freezes you.
You are frozen.
You feel a terrible chill!
You are too injured to fight recklessly!
You are too injured to fight recklessly!
You are too injured to fight recklessly!
You are too injured to fight recklessly!
Unknown command.
You hit the endoplasm but do no damage.
The endoplasm is moderately wounded.
The endoplasm freezes you.
You are frozen.
You feel a terrible chill!
* * * LOW HITPOINT WARNING * * *
The endoplasm freezes you.
You are frozen!
You feel a terrible chill!
You die...

.####...####.........#
...........+.........+
.####...####.........#
.#####.## ##.......##
.......# ##.....##
.####..# ##...##
###....# ##'## #
#.#.## #.# ###.#.##
#@# .......#
#....J....# ###..#.#
#.##...#..# ##+#'##
..... .# #.....#
.....#. # #.....#
.##...... #..8..# #.
#..## .# #.....# #
..$. .# #..<..#


You could see an endoplasm.

Vanquished Creatures
  A dart slug (D:1)
  An endoplasm (D:1)
  3 giant cockroaches (D:1)
  A kobold (D:1)
  A quokka (D:1)
  2 ball pythons (D:1)
  A frilled lizard (D:1)
  4 goblins (D:1)
14 creatures vanquished.

Notes
Turn   | Place    | Note
-------+----------+-------------------------------------------
     0 | D:1      | sanka the Djinni Berserker began the quest for the Orb.
     0 | D:1      | Reached XP level 1. HP: 20/20 MP: 0/0
    96 | D:1      | Reached XP level 2. HP: 25/25 MP: 0/0
   596 | D:1      | Frozen to death by an endoplasm

Illustrated notes

Levels and vault maps discovered:
D:1:      minmay_arrival_solitary_statue, layout_loops_corners,
          shapermc_ecumenical_altar_starsandcircs

Skill      XL: |  1  2 |
---------------+-------+-----
Axes           | 3 |  3.0
Fighting       | |  3.3
Armour         | |  2.0
Dodging        | |  2.1

Action                     || total
---------------------------++-------
  Melee: Hand axe          ||    53
 Armour: Animal skin       ||     6
  Dodge: Dodged            ||    29
